 Dungeon Crawl Stone Soup version 0.29.1-12-g30fa7ad0bf (webtiles) character file.

Game seed: 3883142788885038725

3155 FaviusArthum the Thaumaturge (level 9, -5/47 HPs)
             Began as a Deep Elf Conjurer on Jan 14, 2023.
             Was an Initiate of Sif Muna.
             Slain by a hornet (12 damage)
             ... while paralysed by a hornet
             ... on level 8 of the Dungeon.
             The game lasted 00:55:27 (13744 turns).

FaviusArthum the Thaumaturge (Deep Elf Conjurer)   Turns: 13744, Time: 00:55:28

Health: -5/47      AC: 11    Str:  6    XL:     9   Next: 62%
Magic:  15/25      EV:  2    Int: 26    God:    Sif Muna [......]
Gold:   1371       SH:  0    Dex: 25    Spells: 19/29 levels left

rFire   + . .      SeeInvis .   H - +6 hammer "Ugudeep" {vorpal, rElec rF+}
rCold   . . .      Faith    .   (no shield)
rNeg    . . .      Spirit   .   R - +0 steam dragon scales
rPois   .          Reflect  .   v - +2 helmet
rElec   +          Harm     .   K - +0 cloak
rCorr   .          Rampage  .   i - +0 pair of gloves
Will    .....                   B - +0 pair of boots
Stlth   ++++......              (no amulet)
HPRegen 0.15/turn               j - +6 ring of dexterity
MPRegen 0.19/turn               h - +6 ring of dexterity

@: paralysed, lethally poisoned (-5 -> -14)
A: no striking features
a: Renounce Religion


You were on level 8 of the Dungeon.
You worshipped Sif Muna.
Sif Muna was noncommittal.
You visited 2 branches of the dungeon, and saw 9 of its levels.

You collected 1371 gold pieces.

Inventory:

Hand Weapons
 c - a +0 dagger
 E - a +0 rapier
 G - a +0 antimagic halberd
 H - the +6 hammer "Ugudeep" (weapon) {vorpal, rElec rF+}
   (You found it on level 6 of the Dungeon)

   It inflicts extra damage upon your enemies.
   rF:        It protects you from fire.
   rElec:     It insulates you from electricity.
 J - a +2 quarterstaff of chaos
 M - a +0 scimitar
 N - a +3 great sword
 O - a +0 scimitar
Missiles
 w - 4 silver javelins
Armour
 a - a +0 robe
 i - a +0 pair of gloves (worn)
 k - a +0 pair of boots
 v - a +2 helmet (worn)
 B - a +0 pair of boots (worn)
 F - a +0 chain mail
 K - a +0 cloak (worn)
 R - +0 steam dragon scales (worn)
Magical Staves
 f - a staff of death
Jewellery
 e - a ring of resist corrosion
 h - a +6 ring of dexterity (right hand)
 j - a +6 ring of dexterity (left hand)
 D - a +4 ring of protection
Wands
 l - a wand of polymorph (9)
 x - a wand of paralysis (10)
 I - a wand of flame (47)
Scrolls
 o - a scroll of brand weapon
 p - a scroll of torment
 s - 2 scrolls of vulnerability
 t - a scroll of butterflies
 y - 5 scrolls of noise
 L - a scroll of enchant weapon
 P - a scroll of blinking {unknown}
Potions
 b - 2 potions of magic
 d - 2 potions of resistance {unknown}
 g - 2 potions of brilliance {unknown}
 m - 3 potions of heal wounds {unknown}
 n - 2 potions of ambrosia {unknown}
 q - 4 potions of curing {unknown}
 r - a potion of lignification {unknown}
 u - 2 potions of attraction {unknown}
 z - 2 potions of berserk rage {unknown}
 A - a potion of mutation {unknown}
 C - 3 potions of cancellation {unknown}
 Q - a potion of degeneration {unknown}


   Skills:
 + Level 1.1 Fighting
 + Level 0.2 Short Blades
 + Level 1.0 Maces & Flails
 + Level 4.9 Dodging
 + Level 5.1 Stealth
 + Level 10.6 Spellcasting
 + Level 9.9 Conjurations
 - Level 5.1 Hexes
 * Level 3.3 Necromancy


You had 19 spell levels left.
You knew the following spells:

 Your Spells              Type           Power      Damage    Failure   Level
a - Magic Dart            Conj           100%       1d8       1%          1
b - Searing Ray           Conj           100%       2d8       1%          2
c - Fulminant Prism       Conj/Hex       26%        3d14      1%          4
d - Conjure Flame         Conj/Fire      39%        6-21      1%          3

Your spell library contained the following spells:

 Spells                   Type           Power      Damage    Failure   Level
 Dazzling Flash           Conj/Hex       100%       N/A       1%          3
 Sandblast                Erth           26%        2d8       4%          1
 Iskenderun's Mystic Bla  Conj/Tloc      39%        2d9       5%          4
 Sticky Flame             Conj/Fire      39%        2d6       5%          4
 Animate Dead             Necr           31%        N/A       11%         4
 Frozen Ramparts          Ice            26%        1d4       13%         3
 Ignite Poison            Fire/Tmut/Pois 13%        N/A       13%         3
 Ice Form                 Ice/Tmut       13%        N/A       41%         4
 Summon Ice Beast         Ice/Summ       13%        N/A       41%         4
 Borgnjor's Vile Clutch   Necr/Erth      11%        N/A       52%         5
 Death Channel            Necr           15%        N/A       86%         6


Dungeon Overview and Level Annotations

Branches:
Dungeon (8/15)             Temple (1/1) D:7
   Lair: D:8-11

Altars:
Ashenzari
Cheibriados
Dithmenos
Elyvilon
Fedhas
Gozag
Hepliaklqana
Kikubaaqudgha
Makhleb
Nemelex Xobeh
Okawaru
Qazlal
Ru
Sif Muna
Uskayaw
Vehumet
Wu Jian
Xom
Yredelemnul
Zin
The Shining One

Annotations:
D:3 3 runed translucent doors, Alitron123's ghost, amateur MiBe


Message History

Confirm with . or Enter, or press ? or * to list all spells.
Restarting spell: Searing Ray (safe; 1% risk of failure)
Press: ? - help, Shift-Dir - straight line, f/p - hornet
Aim: a hornet (moderately wounded, 74% to hit)
The searing ray hits the hornet.
The hornet is moderately wounded. (Press . to maintain the ray.)
You feel sick. The hornet barely misses you. x2
Casting: Searing Ray (safe; 1% risk of failure)
Confirm with . or Enter, or press ? or * to list all spells.
Restarting spell: Searing Ray (safe; 1% risk of failure)
Press: ? - help, Shift-Dir - straight line, f/p - hornet
Aim: a hornet (moderately wounded, 74% to hit)
The searing ray hits the hornet.
The hornet is moderately wounded. (Press . to maintain the ray.)
You feel sick. The hornet closely misses you. x3
You hit the hornet.
The hornet is heavily wounded.
You feel yourself speed up.
You feel sick. The hornet stings you.
You are more poisoned.
You feel yourself slow down.
The hornet stings you but does no damage.
The hornet misses you.
Casting: Searing Ray (safe; 1% risk of failure)
Confirm with . or Enter, or press ? or * to list all spells.
Aiming: Searing Ray (safe; 1% risk of failure)
Press: ? - help, Shift-Dir - straight line, f/p - hornet
Aim: a hornet (heavily wounded, 74% to hit)
The searing ray hits the hornet!
The hornet is severely wounded. (Press . to maintain the ray.)
You feel yourself speed up.
* * * LOW HITPOINT WARNING * * *
You feel very sick. The hornet stings you.
* * * LOW HITPOINT WARNING * * *
You suddenly lose the ability to move!
The hornet stings you!
You die...

#....#
#.##...# .#
#....#
#.#....# .#
.....<#
..#....##.#
#######
###....#..#
#......#
#..<..##
#.....#
#)##.##
#.y@.# #
#.#### ..
####.# ...
#..†.# ....
#5##.# .....
##.##.#
K.....#..##.#
....*.5.###.#
#####[.## ..#


You could see a hornet.

Vanquished Creatures
  Pikel (D:8)
  Prince Ribbit (D:6)
  A wyvern (D:7)
  A steam dragon (D:8)
  A sky beast (D:7)
  A black bear (D:6)
  A lemure (D:8)
  6 bullfrogs
  2 necrophages (D:7)
  2 scorpions
  5 wights (D:7)
  A vampire bat (D:4)
  2 howler monkeys
  A crimson imp (D:7)
  5 hounds
  3 jellies
  2 gnoll boudas
  Crazy Yiuf (D:6)
  4 iguanas
  7 orc wizards
  10 gnolls
  7 adders
  5 white imps
  An ufetubus (D:6)
  3 worms
  A dart slug (D:2)
  3 fire bats (D:4)
  19 orcs
  2 spectral bats (D:4)
  4 ball pythons
  3 bat skeletons (D:4)
  A bat zombie (D:4)
  6 endoplasms
  6 giant cockroaches
  3 goblins
  3 hobgoblins
  7 jackals
  6 kobolds
  2 quokkas
  15 bats
  A bat simulacrum (D:4)
  4 frilled lizards
  A rat (D:3)
161 creatures vanquished.

Vanquished Creatures (others)
  22 fulminant prisms
  2 plants (D:2)
24 creatures vanquished.

Grand Total: 185 creatures vanquished

Notes
Turn   | Place    | Note
-------+----------+-------------------------------------------
     0 | D:1      | FaviusArthum the Deep Elf Conjurer began the quest for the
                  | Orb.
     0 | D:1      | Reached XP level 1. HP: 10/10 MP: 6/6
   256 | D:1      | Reached XP level 2. HP: 15/15 MP: 4/8
   338 | D:1      | Learned a level 2 spell: Searing Ray
   612 | D:1      | Reached skill level 5 in Conjurations
  1326 | D:2      | Reached XP level 3. HP: 19/19 MP: 4/9
  1537 | D:2      | Found a faded altar of an unknown god.
  1676 | D:2      | Got Plato's Atlas of Spelunking
  1848 | D:2      | Reached skill level 4 in Spellcasting
  2401 | D:3      | Reached XP level 4. HP: 24/24 MP: 3/12
  2821 | D:3      | Found a runed translucent gate.
  2822 | D:3      | Found a runed translucent gate.
  2822 | D:3      | Found a runed translucent gate.
  2823 | D:3      | Found an opulent altar of Gozag.
  2856 | D:3      | Noticed a water moccasin
  2857 | D:3      | Noticed Alitron123's ghost (amateur MiBe)
  2907 | D:2      | Identified a scroll of acquirement
  2910 | D:2      | Acquired 877 gold pieces
  3273 | D:4      | Noticed a scorpion
  3283 | D:4      | Killed a scorpion
  3284 | D:4      | Reached skill level 5 in Spellcasting
  3284 | D:4      | Reached XP level 5. HP: 25/28 MP: 4/14
  3360 | D:4      | Learned a level 4 spell: Fulminant Prism
  3590 | D:4      | Found a glowing drain.
  3908 | D:4      | Reached XP level 6. HP: 21/32 MP: 0/16
  4278 | D:4      | Reached skill level 6 in Spellcasting
  5765 | D:5      | Entered Level 5 of the Dungeon
  6343 | D:5      | Reached XP level 7. HP: 36/36 MP: 12/18
  7593 | D:5      | Found a glowing silver altar of Zin.
  7594 | D:5      | Found a hazy altar of Hepliaklqana.
  7771 | D:5      | Learned a level 3 spell: Conjure Flame
  7950 | D:6      | Noticed Prince Ribbit
  8256 | D:6      | Reached skill level 7 in Spellcasting
  8464 | D:6      | Killed Prince Ribbit
  8698 | D:6      | Reached XP level 8. HP: 41/41 MP: 13/21
  8921 | D:6      | Identified the +6 hammer "Ugudeep" {vorpal, rElec rF+}
  9087 | D:6      | Reached skill level 8 in Spellcasting
  9145 | D:6      | Found a hide-covered altar of Uskayaw.
 10033 | D:6      | Found a runed translucent door.
 10034 | D:6      | Noticed Crazy Yiuf
 10041 | D:6      | Killed Crazy Yiuf
 10156 | D:7      | Reached skill level 5 in Stealth
 10723 | D:7      | Reached skill level 9 in Spellcasting
 10832 | D:7      | Found a staircase to the Ecumenical Temple.
 10845 | Temple   | Entered the Ecumenical Temple
 10898 | Temple   | Became a worshipper of Sif Muna the Loreminder
 10931 | D:7      | Found a burning altar of Makhleb.
 10933 | D:7      | Found a shimmering altar of Xom.
 12107 | D:7      | Reached skill level 5 in Hexes
 12107 | D:7      | Reached XP level 9. HP: 45/45 MP: 14/24
 12431 | D:7      | Reached skill level 1 in Necromancy
 12992 | D:7      | Found a stormy altar of Qazlal.
 13549 | D:8      | Reached skill level 10 in Spellcasting
 13573 | D:8      | Noticed Pikel
 13602 | D:8      | Killed Pikel
 13603 | D:8      | Reached skill level 1 in Fighting
 13603 | D:8      | Reached skill level 1 in Maces & Flails
 13737 | D:8      | Paralysed by a hornet for 3 turns
 13744 | D:8      | Paralysed by a hornet for 1 turns
 13744 | D:8      | Slain by a hornet

Illustrated notes

Levels and vault maps discovered:
D:1:      lightli_arrival_chessboard, layout_basic
D:2:      layout_basic, shapermc_ecumenical_altar_rom_forum
D:3:      layout_rooms, ebering_ghost_gozag, minmay_misc_feat_columns
D:4:      layout_basic, enter_ossuary_2, cheibrodos_sewer_entry_drain,
          minivault_25, goddamned_bats
D:5:      layout_rooms, gammafunk_temple_overflow_statue
D:6:      layout_basic, mainiacjoe_overflow_brackets, uniq_prince_ribbit1,
          uniq_crazy_yiuf_cottage
D:7:      layout_gridville, mainiacjoe_overflow_alcove_2,
          grunt_temple_overflow_champion_of_chaos, minmay_temple_entry_glass,
          skrybe_limestone_x, hangedman_decor_clover_reticule,
          nicolae_underground_beach
D:8:      layout_basic, amcnicky_altar_gilded, uniq_pikel
Temple:   hellmonk_temple_of_storms

Skill      XL: |  1  2  3  4  5  6  7  8  9 |
---------------+----------------------------+-----
Conjurations   | 5 6 7 9 |  9.9
Spellcasting   | 4 5 6 7 9 10 | 10.6
Stealth        | 3 4 5 |  5.1
Dodging        | 3 4 |  4.9
Hexes          | 2 5 |  5.1
Necromancy     | 3 |  3.3
Fighting       | 1 |  1.1
Maces & Flails | 1 |  1.0
Short Blades   | |  0.2

Action                   |  1- 3 |  4- 6 |  7- 9 || total
-------------------------+-------+-------+-------++-------
Melee: Dagger            |     2 |    12 |     4 ||    18
       Mace              |       |       |    17 ||    17
 Cast: Magic Dart        |    61 |   109 |   116 ||   286
       Searing Ray       |     5 |    33 |    84 ||   122
       Fulminant Prism   |       |       |    22 ||    22
       Conjure Flame     |       |       |     1 ||     1
  Use: Scroll            |       |     7 |     8 ||    15
Armor: Robe              |     1 |    25 |     9 ||    35
       Steam dragon scal |       |       |     6 ||     6
Dodge: Dodged            |     2 |    47 |    62 ||   111
